 Dungeon Crawl Stone Soup version 0.26.1-2-gb8aa6d0cf2 (webtiles) character file.

Game seed: 2585371657057410287

121 smellygav the Covered (level 5, 0/33 HPs)
             Began as a Gargoyle Fighter on Feb 14, 2021.
             Killed by divine providence
             ... invoked by an orc priest
              (16 damage)
             ... on level 3 of the Dungeon.
             The game lasted 00:14:52 (1693 turns).

smellygav the Covered (Gargoyle Fighter)            Turns: 1693, Time: 00:14:56

Health: 0/33       AC: 14    Str: 21    XL:     5   Next: 5%
Magic:  5/5        EV:  8    Int:  8    God:
Gold:   137        SH:  9    Dex:  9    Spells: 4/4 levels left

rFire    . . .     SeeInvis .   a - +0 flail
rCold    . . .     Faith    .   c - +0 kite shield
rNeg     + . .     Spirit   .   b - +0 scale mail
rPois    ∞         Reflect  .   (no helmet)
rElec    +         Harm     .   (no cloak)
rCorr    .         Rampage  .   (no gloves)
Will     .....                  l - +2 pair of boots
Stlth    ..........             (no amulet)
HPRegen  0.11/turn              (no ring)
MPRegen  0.09/turn              (no ring)

@: no status effects
A: negative energy resistance 1, electricity resistance, unbreathing,
petrification resistance, miasma immunity, AC +4
a: no special abilities


You were on level 3 of the Dungeon.
You visited 1 branch of the dungeon, and saw 3 of its levels.

You collected 137 gold pieces.

Inventory:

Hand Weapons
 a - a +0 flail (weapon)
 f - a +0 short sword
 h - a +0 short sword
 j - a +0 spear
 m - a +0 dagger
 q - a cursed -3 club
 s - a +0 dagger
 t - a +1 short sword of speed
 u - a +0 short sword
 v - a +0 club
 w - a +0 club
 y - a +0 club
 A - a +0 short sword
 B - a +0 hand axe
Missiles
 g - 13 arrows
 k - 21 poisoned darts (quivered)
Armour
 b - a +0 scale mail (worn)
 c - a +0 kite shield (worn)
 l - a +2 pair of boots (worn)
 r - a +0 ring mail
 z - a +1 robe of positive energy
Scrolls
 i - 3 scrolls of remove curse {unknown}
 n - a scroll of teleportation {unknown}
 o - 2 scrolls of identify {unknown}
 p - a scroll of immolation {unknown}
 E - a scroll of fear {unknown}
Potions
 d - 2 potions of might
 e - a potion of ambrosia {unknown}
 x - a potion of mutation {unknown}
 C - a potion of flight {unknown}
 D - a potion of lignification {unknown}


   Skills:
 + Level 3.7 Fighting
 + Level 2.8 Maces & Flails
 + Level 4.2 Armour
 + Level 1.4 Dodging
 + Level 4.0 Shields


You had 4 spell levels left.
You didn't know any spells.
Your spell library was empty.

Dungeon Overview and Level Annotations

Branches:
Dungeon (3/15)

Altars:


Innate Abilities, Weirdness & Mutations

You are resistant to torment.
Your stone body is resilient. (AC +4)
You are immune to poison.
You resist negative energy. (rN+)
You are resistant to electric shocks. (rElec)
You can survive without breathing.
You are immune to petrification.
You are immune to miasma.


Message History

The orc priest hits you but does no damage.
You barely miss the orc priest.
The orc priest is lightly wounded.
The orc priest hits you but does no damage.
The orc priest calls upon Beogh to heal the orc priest.
The orc priest's wounds heal themselves!
You sock the orc priest!
The orc priest is severely wounded.
The orc priest barely misses you.
You barely miss the orc priest.
The orc priest is severely wounded.
The orc priest invokes the aid of Beogh against you.
You barely resist. You block the orc priest's attack.
You closely miss the orc priest.
The orc priest is severely wounded.
The orc priest calls upon Beogh to heal the orc priest.
The orc priest is healed somewhat.
The orc priest invokes the aid of Beogh against you.
Beogh smites you!
You die...

#......# #.#.. #.###..# #.#.#
#.###..# #.#.# ###......#
##'#.# .......#.## #....#
.......#.#############....##.
.............................
.......#.###########......##.
######.#....@ooo..#.......#
#.##########.#.#.....# #.
#.#.....# #.#.....# #.#...#.#
#.#<#.#.# #.###.# # #. .# .#


You could see 2 orc priests and an orc.

Vanquished Creatures
  Jessica (D:2)
  2 adders (D:2)
  An ooze (D:2)
  3 worms (D:2)
  3 dart slugs
  7 leopard geckos
  2 orcs (D:3)
  2 giant cockroaches (D:2)
  3 goblins
  3 hobgoblins
  A quokka (D:2)
  2 ball pythons (D:1)
  7 bats
  5 frilled lizards
  7 kobolds
  4 rats
53 creatures vanquished.

Notes
Turn   | Place    | Note
-------+----------+-------------------------------------------
     0 | D:1      | smellygav the Gargoyle Fighter began the quest for the Orb.
     0 | D:1      | Reached XP level 1. HP: 14/14 MP: 1/1
   231 | D:1      | Reached XP level 2. HP: 19/19 MP: 2/2
   397 | D:1      | Reached XP level 3. HP: 15/23 MP: 3/3
  1066 | D:2      | Reached XP level 4. HP: 25/28 MP: 4/4
  1226 | D:2      | Noticed Jessica
  1231 | D:2      | Killed Jessica
  1232 | D:2      | Reached skill level 1 in Dodging
  1516 | D:2      | Reached XP level 5. HP: 30/33 MP: 5/5
  1693 | D:3      | Killed from afar by an orc priest

Illustrated notes

Levels and vault maps discovered:
D:1:      amcnicky_arrival_blooded_trapdoor, layout_rooms
D:2:      layout_rooms, uniq_jessica
D:3:      minmay_wonky_spiral, layout_basic, vehumet_crystals

Skill      XL: |  1  2  3  4 |
---------------+-------------+-----
Armour         | 4 |  4.2
Dodging        | 1 |  1.4
Shields        | 4 |  4.0
Fighting       | |  3.7
Maces & Flails | |  2.8

Action                   |  1- 3 |  4- 6 || total
-------------------------+-------+-------++-------
Melee: Flail             |    92 |   104 ||   196
Armor: Scale mail        |    70 |    50 ||   120
Dodge: Dodged            |    43 |    35 ||    78
Block: Kite shield       |    44 |    51 ||    95
